VEGAS Golden Knights vs NEW JERSEY Devils

Created - 11 mars 2024 at 20:37

Goals
1 2 3 T
VEGAS Golden Knights 0 3 1 4
NEW JERSEY Devils 2 0 1 3
Shots
1 2 3 T
VEGAS Golden Knights 7 13 6 26
NEW JERSEY Devils 9 5 11 25

1st period

1. NEW JERSEY Devils , Andreas Athanasiou 11 (Ryan Graves 23) at 1:04
2. NEW JERSEY Devils , Adam Boqvist 4 (Oskar Lindblom 12, Andreas Athanasiou 23) at 10:11 (PP)

Penalties :
Brenden Dillon (VGK) for High sticking (Minor) at 1:16, Noel Acciari (VGK) for Holding (Minor) at 9:43, Adam Larsson (VGK) for Cross-checking (Minor) at 12:59

2nd period

3. VEGAS Golden Knights , Mikael Granlund 5 (Adam Larsson 18, Alex Killorn 22) at 7:58
4. VEGAS Golden Knights , Jared McCann 20 (Tomas Tatar 16, Sebastian Aho 28) at 8:37
5. VEGAS Golden Knights , Evgenii Dadonov 3 (Noah Hanifin 26, Filip Chytil 18) at 17:40

Penalties :
Mikael Granlund (VGK) for Roughing (Minor) at 3:05, Gabriel Landeskog (NJD) for High sticking (Minor) at 5:09

3rd period

6. VEGAS Golden Knights , Jared McCann 21 (Sebastian Aho 29, Tony DeAngelo 19) at 0:22
7. NEW JERSEY Devils , Thomas Novak 3 (J.T. Compher 21) at 14:22

Penalties :
Gabriel Landeskog (NJD) for Roughing (Minor) at 9:39, Sebastian Aho (VGK) for Goalie Interference (Minor) at 9:39, Joel Armia (NJD) for High sticking (Minor) at 11:45

Goalie Stats

Anton Forsberg (VGK), 22 saves from 25 shots - (0,880), W, 25-17-5, 60:00 minutes
Jake Allen (NJD), 22 saves from 26 shots - (0,846), L, 10-12-1, 60:00 minutes

Players Stats for VEGAS Golden Knights

Player Name              G  A  P  +/- PIM S  H  SB GA TA FO     MP     PP MP  PK MP  
------------------------------------------------------------------------------------
Adam Larsson             0  1  1   1  2   3  6  0  0  0  0/0    22:39   0:00   2:28 
Alex Killorn             0  1  1   0  0   3  0  0  0  0  1/1    19:07   1:37   2:21 
Andrei Svechnikov        0  0  0   0  0   1  5  0  0  0  0/1    15:30   1:58   0:00 
Brenden Dillon           0  0  0   0  2   2  2  2  0  0  0/0    16:27   0:00   2:32 
Colton Sissons           0  0  0   1  0   1  1  1  0  0  16/23  18:39   2:21   4:04 
Devin Shore              0  0  0   0  0   1  0  0  0  0  0/1     6:46   0:00   0:23 
Evgenii Dadonov          1  0  1   1  0   2  0  0  0  0  0/0    11:26   0:00   0:00 
Filip Chytil             0  1  1   1  0   2  0  0  0  0  1/1    13:47   2:21   0:00 
Jared McCann             2  0  2   1  0   3  0  1  0  0  1/1    19:29   1:37   0:00 
Jordan Oesterle          0  0  0   0  0   0  0  0  0  0  0/0    13:12   0:00   0:30 
Mikael Granlund          1  0  1   0  2   1  0  0  0  0  11/18  16:21   2:00   0:00 
Noah Hanifin             0  1  1   1  0   1  2  0  0  0  0/0    22:45   1:58   3:57 
Noel Acciari             0  0  0   0  2   0  0  0  0  0  4/8     7:29   0:00   2:21 
Olli Maatta              0  0  0   1  0   0  2  0  0  0  0/0    22:17   0:00   3:23 
Phil Di Giuseppe         0  0  0   0  0   0  0  0  0  0  0/0     5:09   0:00   0:00 
Sebastian Aho            0  2  2   1  2   3  1  0  0  0  12/25  22:22   1:37   3:41 
Tomas Tatar              0  1  1   1  0   2  3  0  0  0  1/2    19:26   2:21   0:00 
Tony DeAngelo            0  1  1   1  0   1  1  1  0  0  0/0    18:40   2:00   0:00 

Players Stats for NEW JERSEY Devils

Player Name              G  A  P  +/- PIM S  H  SB GA TA FO     MP     PP MP  PK MP  
------------------------------------------------------------------------------------
Adam Boqvist             1  0  1  -1  0   1  1  2  0  0  0/0    25:14   2:54   2:12 
Alexander Petrovic       0  0  0   0  0   0  2  1  0  0  0/0    17:21   2:54   0:00 
Andreas Athanasiou       1  1  2   1  0   3  1  0  0  0  0/0    18:35   3:11   0:27 
Bowen Byram              0  0  0  -1  0   0  1  1  0  0  0/0    25:13   2:48   1:46 
Chris Wideman            0  0  0  -1  0   1  1  1  0  0  0/0    17:26   0:43   2:12 
Connor Brown             0  0  0   0  0   0  0  0  0  0  0/0     5:34   0:00   0:00 
Gabriel Landeskog        0  0  0   0  4   2  0  0  0  0  0/0     5:32   0:00   0:00 
J.T. Compher             0  1  1   1  0   1  1  0  0  0  7/19   14:29   0:00   0:03 
Jack Hughes              0  0  0  -2  0   4  0  1  0  0  15/34  25:16   3:14   2:10 
Jake Bean                0  0  0   0  0   0  0  0  0  0  0/0    11:23   0:00   0:00 
James van Riemsdyk       0  0  0  -2  0   0  3  0  0  0  0/1    24:03   3:14   1:28 
Joel Armia               0  0  0  -1  2   2  1  0  0  0  0/1    12:41   3:11   0:17 
Kyle Okposo              0  0  0  -2  0   5  3  0  0  0  0/1    25:09   3:14   2:03 
Miles Wood               0  0  0   0  0   0  1  0  0  0  2/4     5:34   0:00   0:00 
Oskar Lindblom           0  1  1  -1  0   2  1  0  0  0  2/7    13:53   3:11   1:28 
Ryan Donato              0  0  0  -1  0   1  2  0  0  0  7/13    9:01   0:00   0:00 
Ryan Graves              0  1  1  -1  0   1  2  1  0  0  0/0    23:23   3:31   1:46 
Thomas Novak             1  0  1   1  0   2  1  0  0  0  1/1    14:13   0:00   0:00 

3 Stars

1 - Jared McCann (VGK)
2 - Andreas Athanasiou (NJD)
3 - Evgenii Dadonov (VGK)

Power Play

VEGAS Golden Knights - 0 on 2 Attempt(s) - 0,00%
NEW JERSEY Devils - 1 on 4 Attempt(s) - 25,00%

Penalty Kill

VEGAS Golden Knights - 3 on 4 Attempt(s) - 75,00% - Score 0 goal in Penalty Kill
NEW JERSEY Devils - 2 on 2 Attempt(s) - 100,00% - Score 0 goal in Penalty Kill

Team Stat

VEGAS Golden Knights - Hits : 23 - Faceoff Wins : 47 - Blocked Shots : 5 - Penalty Minutes : 10
NEW JERSEY Devils - Hits : 21 - Faceoff Wins : 34 - Blocked Shots : 7 - Penalty Minutes : 6

Official

Referees : Kelly Cooke and Garrett Rank
Linesman : Erica Holmes and Owen Gidlow

Game Notes

No Game Note

Finance

Level 1 -- Attendance: 4815 (68,79%) -- Ticket Income $481,500
Level 2 -- Attendance: 4887 (69,81%) -- Ticket Income $263,898
Level 3 -- Attendance: 2683 (53,66%) -- Ticket Income $56,343
Level 4 -- Attendance: 4096 (81,92%) -- Ticket Income $81,920
Luxury Box -- Attendance: 1071 (89,25%) -- Ticket Income $182,070
Game was played at the Prudential Center.
Total Attendance: 17552 (69,65%)
Total Ticket Income: $1,065,731
Other Income: $266,433
Total Income: $1,332,164

VEGAS Golden Knights

5 vs 5 Forward 
   Center                   Left Wing                Right Wing               Time % Phy DF OF 
 1 Sebastian Aho            Jared McCann             Tomas Tatar              36     1   2  2  
 2 Mikael Granlund          Andrei Svechnikov        Alex Killorn             30     1   2  2  
 3 Colton Sissons           Filip Chytil             Evgenii Dadonov          25     1   2  2  
 4 Noel Acciari             Phil Di Giuseppe         Devin Shore              9      1   2  2  

5 vs 5 Defense 
   Defense                  Defense                                           Time % Phy DF OF 
 1 Adam Larsson             Olli Maatta                                       40     1   2  2  
 2 Noah Hanifin             Tony DeAngelo                                     33     1   2  2  
 3 Brenden Dillon           Jordan Oesterle                                   22     1   2  2  
 4 Adam Larsson             Noah Hanifin                                      5      1   2  2  

PowerPlay Forward 
   Center                   Left Wing                Right Wing               Time % Phy DF OF 
 1 Sebastian Aho            Jared McCann             Alex Killorn             65     0   1  4  
 2 Colton Sissons           Filip Chytil             Tomas Tatar              35     0   2  3  

PowerPlay Defense
   Defense                  Defense                                           Time % Phy DF OF 
 1 Andrei Svechnikov        Noah Hanifin                                      65     0   1  4  
 2 Mikael Granlund          Tony DeAngelo                                     35     0   2  3  

Penalty Kill 4 Players Forward 
   Center                   Wing                     Time % Phy DF OF 
 1 Colton Sissons           Sebastian Aho            60     1   3  1  
 2 Noel Acciari             Alex Killorn             40     1   3  1  

Penalty Kill 4 Players Defense
   Defense                  Defense                  Time % Phy DF OF 
 1 Adam Larsson             Brenden Dillon           60     1   3  1  
 2 Noah Hanifin             Olli Maatta              40     1   3  1  

Penalty Kill - 3 Players Forward 
   Forward                                           Time % Phy DF OF 
 1 Colton Sissons                                    60     0   5  0  
 2 Sebastian Aho                                     40     0   5  0  

Penalty Kill - 3 Players Defense
   Defense                  Defense                  Time % Phy DF OF 
 1 Adam Larsson             Noah Hanifin             60     0   5  0  
 2 Brenden Dillon           Olli Maatta              40     0   5  0  

4 vs 4 Forward 
   Center                   Wing                     Time % Phy DF OF 
 1 Sebastian Aho            Alex Killorn             60     1   2  2  
 2 Mikael Granlund          Jared McCann             40     1   2  2  

4 vs 4 Defense
   Defense                  Defense                  Time % Phy DF OF 
 1 Adam Larsson             Tony DeAngelo            60     1   2  2  
 2 Noah Hanifin             Brenden Dillon           40     1   2  2  

Last Minutes Offensive
   Center                   Left Wing                Right Wing               Defense                  Defense                  
   Sebastian Aho            Jared McCann             Alex Killorn             Tony DeAngelo            Noah Hanifin             

Last Minutes Defensive
   Center                   Left Wing                Right Wing               Defense                  Defense                  
   Sebastian Aho            Colton Sissons           Alex Killorn             Adam Larsson             Noah Hanifin             

Goaltenders
Starting : Anton Forsberg           
Backup : Pyotr Kochetkov          

Extra Forwards
Normal : Jared McCann, Sebastian Aho, Alex Killorn - PP : Sebastian Aho, Mikael Granlund - PK : Colton Sissons
Extra Defensemen
Normal : Adam Larsson, Noah Hanifin, Brenden Dillon - PP : Tony DeAngelo - PK : Adam Larsson, Noah Hanifin
Penalty Shots
Sebastian Aho, Jared McCann, Andrei Svechnikov, Alex Killorn, Tomas Tatar

Scratches
Mike Reilly (Healthy)

NEW JERSEY Devils

5 vs 5 Forward 
   Center                   Left Wing                Right Wing               Time % Phy DF OF 
 1 Jack Hughes              James van Riemsdyk       Kyle Okposo              40     1   2  2  
 2 J.T. Compher             Thomas Novak             Andreas Athanasiou       30     1   2  2  
 3 Ryan Donato              Oskar Lindblom           Joel Armia               20     1   2  2  
 4 Miles Wood               Gabriel Landeskog        Connor Brown             10     1   2  2  

5 vs 5 Defense 
   Defense                  Defense                                           Time % Phy DF OF 
 1 Adam Boqvist             Bowen Byram                                       40     2   2  1  
 2 Chris Wideman            Ryan Graves                                       30     2   2  1  
 3 Jake Bean                Alexander Petrovic                                20     2   2  1  
 4 Ryan Graves              Alexander Petrovic                                10     1   2  2  

PowerPlay Forward 
   Center                   Left Wing                Right Wing               Time % Phy DF OF 
 1 Jack Hughes              James van Riemsdyk       Kyle Okposo              60     1   2  2  
 2 Oskar Lindblom           Joel Armia               Andreas Athanasiou       40     1   2  2  

PowerPlay Defense
   Defense                  Defense                                           Time % Phy DF OF 
 1 Ryan Graves              Bowen Byram                                       60     1   2  2  
 2 Adam Boqvist             Alexander Petrovic                                40     1   2  2  

Penalty Kill 4 Players Forward 
   Center                   Wing                     Time % Phy DF OF 
 1 Jack Hughes              Kyle Okposo              60     1   2  2  
 2 Oskar Lindblom           James van Riemsdyk       40     1   2  2  

Penalty Kill 4 Players Defense
   Defense                  Defense                  Time % Phy DF OF 
 1 Ryan Graves              Bowen Byram              60     1   2  2  
 2 Adam Boqvist             Chris Wideman            40     1   2  2  

Penalty Kill - 3 Players Forward 
   Forward                                           Time % Phy DF OF 
 1 Jack Hughes                                       60     1   2  2  
 2 Kyle Okposo                                       40     1   2  2  

Penalty Kill - 3 Players Defense
   Defense                  Defense                  Time % Phy DF OF 
 1 Ryan Graves              Bowen Byram              60     1   2  2  
 2 Adam Boqvist             Chris Wideman            40     1   2  2  

4 vs 4 Forward 
   Center                   Wing                     Time % Phy DF OF 
 1 Jack Hughes              Kyle Okposo              60     1   2  2  
 2 Andreas Athanasiou       James van Riemsdyk       40     1   2  2  

4 vs 4 Defense
   Defense                  Defense                  Time % Phy DF OF 
 1 Ryan Graves              Bowen Byram              60     1   2  2  
 2 Adam Boqvist             Alexander Petrovic       40     1   2  2  

Last Minutes Offensive
   Center                   Left Wing                Right Wing               Defense                  Defense                  
   Jack Hughes              James van Riemsdyk       Kyle Okposo              Ryan Graves              Bowen Byram              

Last Minutes Defensive
   Center                   Left Wing                Right Wing               Defense                  Defense                  
   Jack Hughes              James van Riemsdyk       Kyle Okposo              Ryan Graves              Bowen Byram              

Goaltenders
Starting : Jake Allen               
Backup : Antti Raanta             

Extra Forwards
Normal : Jack Hughes, Oskar Lindblom, Joel Armia - PP : Kyle Okposo, Oskar Lindblom - PK : Joel Armia
Extra Defensemen
Normal : Chris Wideman, Alexander Petrovic, Adam Boqvist - PP : Chris Wideman - PK : Alexander Petrovic, Adam Boqvist
Penalty Shots
Jack Hughes, Kyle Okposo, Joel Armia, James van Riemsdyk, Oskar Lindblom

Scratches
Dustin Tokarski (Healthy)

% Time on Ice - VEGAS Golden Knights

Lines # - Real PCT - Wanted PCT - Time Play
Normal Forward
1 - 36% - 36% - 17:05
2 - 29% - 30% - 13:32
3 - 24% - 25% - 11:26
4 - 11% - 9% - 5:09
Normal Defense
1 - 40% - 40% - 18:54
2 - 33% - 33% - 15:29
3 - 27% - 22% - 12:42
4 - 0% - 5% - 0:07
PP Forward
1 - 41% - 65% - 1:37
2 - 59% - 35% - 2:21
PP Defense
1 - 50% - 65% - 1:58
2 - 50% - 35% - 2:00
PK Forward
1 - 63% - 60% - 4:04
2 - 37% - 40% - 2:21
PK Defense
1 - 69% - 60% - 4:24
2 - 31% - 40% - 2:01
PK3 Forward
1 - 0% - 60%
2 - 0% - 40%
PK3 Defense
1 - 0% - 60%
2 - 0% - 40%
44 Forward
1 - 100% - 60% - 1:59
2 - 0% - 40% - 0:00
44 Defense
1 - 60% - 60% - 1:11
2 - 40% - 40% - 0:48
Last Minute Offensive  - 0:00
Last Minute Defensive  - 0:26
Total
Forward - 60:00
Defense - 60:00

% Time on Ice - NEW JERSEY Devils

Lines # - Real PCT - Wanted PCT - Time Play
Normal Forward
1 - 39% - 40% - 18:37
2 - 30% - 30% - 14:13
3 - 19% - 20% - 9:01
4 - 12% - 10% - 5:34
Normal Defense
1 - 41% - 40% - 19:24
2 - 30% - 30% - 14:18
3 - 23% - 20% - 10:51
4 - 6% - 10% - 2:52
PP Forward
1 - 50% - 60% - 3:14
2 - 50% - 40% - 3:11
PP Defense
1 - 55% - 60% - 3:31
2 - 45% - 40% - 2:54
PK Forward
1 - 63% - 60% - 2:30
2 - 37% - 40% - 1:28
PK Defense
1 - 45% - 60% - 1:46
2 - 55% - 40% - 2:12
PK3 Forward
1 - 0% - 60%
2 - 0% - 40%
PK3 Defense
1 - 0% - 60%
2 - 0% - 40%
44 Forward
1 - 63% - 60% - 1:15
2 - 37% - 40% - 0:44
44 Defense
1 - 63% - 60% - 1:15
2 - 37% - 40% - 0:44
Last Minute Offensive  - 0:13
Last Minute Defensive  - 0:00
Total
Forward - 60:00
Defense - 60:00

Play-by-Play

1st period


0:01 of 1st period - Tomas Tatar wins face-off versus James van Riemsdyk in neutral zone.
0:01 of 1st period - Tomas Tatar is hit by Kyle Okposo.
0:23 of 1st period - Tomas Tatar is hit by James van Riemsdyk and loses puck.
0:36 of 1st period - Shot by Sebastian Aho.
0:36 of 1st period - Stopped by Jake Allen with a rebound.
1:04 of 1st period - Shot by Andreas Athanasiou.
1:04 of 1st period - Goal by Andreas Athanasiou - VEGAS Golden Knights : 0 - NEW JERSEY Devils : 1.
1:05 of 1st period - Colton Sissons wins face-off versus J.T. Compher in neutral zone.
1:16 of 1st period - Shot by Andreas Athanasiou.
1:16 of 1st period - Stopped by Anton Forsberg without a rebound.
1:16 of 1st period - Minor Penalty to Brenden Dillon for High sticking.
1:17 of 1st period - Colton Sissons wins face-off versus Oskar Lindblom in VEGAS Golden Knights zone.
1:54 of 1st period - Icing by Oskar Lindblom.
1:55 of 1st period - Noel Acciari wins face-off versus Oskar Lindblom in NEW JERSEY Devils zone.
2:33 of 1st period - Off-side.
2:34 of 1st period - Colton Sissons wins face-off versus Kyle Okposo in neutral zone.
2:40 of 1st period - Icing by Kyle Okposo.
2:41 of 1st period - Colton Sissons wins face-off versus Jack Hughes in NEW JERSEY Devils zone.
2:58 of 1st period - Shot by Kyle Okposo.
2:58 of 1st period - Stopped by Anton Forsberg without a rebound.
2:59 of 1st period - Jack Hughes wins face-off versus Colton Sissons in VEGAS Golden Knights zone.
3:15 of 1st period - James van Riemsdyk is hit by Adam Larsson and loses puck.
3:28 of 1st period - Shot by Alex Killorn.
3:28 of 1st period - Deflect By Mikael Granlund.
3:28 of 1st period - Shot Blocked by Ryan Graves.
3:30 of 1st period - Shot by Brenden Dillon.
3:30 of 1st period - Stopped by Jake Allen with a rebound.
3:42 of 1st period - Shot by Andrei Svechnikov.
3:42 of 1st period - Shot Misses the Net.
3:44 of 1st period - Shot by Alex Killorn.
3:44 of 1st period - Stopped by Jake Allen without a rebound.
3:45 of 1st period - Colton Sissons wins face-off versus J.T. Compher in NEW JERSEY Devils zone.
4:16 of 1st period - Shot by Andreas Athanasiou.
4:16 of 1st period - Stopped by Anton Forsberg without a rebound.
4:17 of 1st period - Ryan Donato wins face-off versus Sebastian Aho in VEGAS Golden Knights zone.
4:17 of 1st period - Ryan Donato is hit by Adam Larsson.
4:30 of 1st period - Oskar Lindblom is hit by Adam Larsson and loses puck.
4:47 of 1st period - Shot by Sebastian Aho.
4:47 of 1st period - Shot Misses the Net.
5:15 of 1st period - Oskar Lindblom is hit by Andrei Svechnikov and loses puck.
5:30 of 1st period - Shot by Alex Killorn.
5:30 of 1st period - Shot Blocked by Bowen Byram.
5:39 of 1st period - Icing by Joel Armia.
5:40 of 1st period - Ryan Donato wins face-off versus Colton Sissons in NEW JERSEY Devils zone.
6:36 of 1st period - Icing by Filip Chytil.
6:37 of 1st period - J.T. Compher wins face-off versus Colton Sissons in VEGAS Golden Knights zone.
6:57 of 1st period - Andreas Athanasiou is hit by Adam Larsson and loses puck.
7:12 of 1st period - Shot by Jared McCann.
7:12 of 1st period - Stopped by Jake Allen without a rebound.
7:13 of 1st period - Alex Killorn wins face-off versus Miles Wood in NEW JERSEY Devils zone.
7:22 of 1st period - Alex Killorn is hit by Miles Wood.
7:58 of 1st period - Shot by Mikael Granlund.
7:58 of 1st period - Shot Blocked by Chris Wideman.
8:11 of 1st period - Chris Wideman is hit by Olli Maatta and loses puck.
8:31 of 1st period - Icing by Adam Larsson.
8:32 of 1st period - Sebastian Aho wins face-off versus Jack Hughes in VEGAS Golden Knights zone.
9:43 of 1st period - Minor Penalty to Noel Acciari for Holding.
9:44 of 1st period - Oskar Lindblom wins face-off versus Colton Sissons in VEGAS Golden Knights zone.
9:45 of 1st period - Shot by Andreas Athanasiou.
9:45 of 1st period - Shot Misses the Net.
9:47 of 1st period - Shot by Joel Armia.
9:47 of 1st period - Stopped by Anton Forsberg with a rebound.
9:49 of 1st period - Shot by Andreas Athanasiou.
9:49 of 1st period - Shot Misses the Net.
10:11 of 1st period - Shot by Adam Boqvist.
10:11 of 1st period - Goal by Adam Boqvist - VEGAS Golden Knights : 0 - NEW JERSEY Devils : 2.
10:12 of 1st period - Miles Wood wins face-off versus Mikael Granlund in neutral zone.
12:22 of 1st period - Shot by Noel Acciari.
12:22 of 1st period - Shot Misses the Net.
12:24 of 1st period - Shot by Adam Larsson.
12:24 of 1st period - Stopped by Jake Allen without a rebound.
12:25 of 1st period - Sebastian Aho wins face-off versus J.T. Compher in NEW JERSEY Devils zone.
12:45 of 1st period - Tomas Tatar is hit by Adam Boqvist and loses puck.
12:48 of 1st period - Shot by Sebastian Aho.
12:48 of 1st period - Stopped by Jake Allen without a rebound.
12:49 of 1st period - Mikael Granlund wins face-off versus Ryan Donato in NEW JERSEY Devils zone.
12:55 of 1st period - Icing by Adam Boqvist.
12:56 of 1st period - Ryan Donato wins face-off versus Mikael Granlund in NEW JERSEY Devils zone.
12:56 of 1st period - Joel Armia is hit by Andrei Svechnikov.
12:59 of 1st period - Minor Penalty to Adam Larsson for Cross-checking.
13:00 of 1st period - Jack Hughes wins face-off versus Colton Sissons in VEGAS Golden Knights zone.
13:25 of 1st period - Shot by Ryan Graves.
13:25 of 1st period - Shot Misses the Net.
13:27 of 1st period - Shot by Ryan Graves.
13:27 of 1st period - Shot Misses the Net.
14:12 of 1st period - Olli Maatta is hit by Alexander Petrovic.
15:23 of 1st period - Gabriel Landeskog is hit by Andrei Svechnikov and loses puck.
15:30 of 1st period - Shot by Chris Wideman.
15:30 of 1st period - Stopped by Anton Forsberg without a rebound.
15:31 of 1st period - J.T. Compher wins face-off versus Noel Acciari in VEGAS Golden Knights zone.
15:49 of 1st period - Shot by Devin Shore.
15:49 of 1st period - Stopped by Jake Allen without a rebound.
15:50 of 1st period - Jack Hughes wins face-off versus Sebastian Aho in NEW JERSEY Devils zone.
16:53 of 1st period - Shot by Oskar Lindblom.
16:53 of 1st period - Deflect By Ryan Donato.
16:53 of 1st period - Shot Misses the Net.
16:55 of 1st period - Shot by Oskar Lindblom.
16:55 of 1st period - Stopped by Anton Forsberg without a rebound.
16:56 of 1st period - Mikael Granlund wins face-off versus J.T. Compher in VEGAS Golden Knights zone.
18:15 of 1st period - Shot by Oskar Lindblom.
18:15 of 1st period - Stopped by Anton Forsberg without a rebound.
18:16 of 1st period - Sebastian Aho wins face-off versus Jack Hughes in VEGAS Golden Knights zone.
18:40 of 1st period - Icing by Ryan Graves.
18:41 of 1st period - Jack Hughes wins face-off versus Noel Acciari in NEW JERSEY Devils zone.
18:48 of 1st period - Shot by Kyle Okposo.
18:48 of 1st period - Shot Misses the Net.
Goals for this period are 0 for VEGAS Golden Knights vs 2 for NEW JERSEY Devils.
Shots for this period are 7 for VEGAS Golden Knights vs 9 for NEW JERSEY Devils.

2nd period


0:01 of 2nd period - Sebastian Aho wins face-off versus J.T. Compher in neutral zone.
0:16 of 2nd period - Shot by Sebastian Aho.
0:16 of 2nd period - Deflect By Tomas Tatar.
0:16 of 2nd period - Stopped by Jake Allen without a rebound.
0:17 of 2nd period - Jack Hughes wins face-off versus Mikael Granlund in NEW JERSEY Devils zone.
0:47 of 2nd period - Icing by Jake Bean.
0:48 of 2nd period - Jack Hughes wins face-off versus Sebastian Aho in NEW JERSEY Devils zone.
1:17 of 2nd period - Shot by Tomas Tatar.
1:17 of 2nd period - Shot Misses the Net.
1:19 of 2nd period - Shot by Adam Larsson.
1:19 of 2nd period - Shot Misses the Net.
1:21 of 2nd period - Shot by Adam Larsson.
1:21 of 2nd period - Shot Misses the Net.
1:36 of 2nd period - Icing by Adam Larsson.
1:37 of 2nd period - Sebastian Aho wins face-off versus J.T. Compher in VEGAS Golden Knights zone.
1:48 of 2nd period - Bowen Byram is hit by Tomas Tatar and loses puck.
2:55 of 2nd period - Icing by Adam Boqvist.
2:56 of 2nd period - Mikael Granlund wins face-off versus J.T. Compher in NEW JERSEY Devils zone.
2:56 of 2nd period - Mikael Granlund is hit by Bowen Byram.
3:05 of 2nd period - Minor Penalty to Mikael Granlund for Roughing.
3:06 of 2nd period - Colton Sissons wins face-off versus Jack Hughes in VEGAS Golden Knights zone.
3:12 of 2nd period - Icing by Ryan Graves.
3:13 of 2nd period - Sebastian Aho wins face-off versus Jack Hughes in NEW JERSEY Devils zone.
3:16 of 2nd period - Shot by Colton Sissons.
3:16 of 2nd period - Shot Misses the Net.
3:42 of 2nd period - Shot by Jack Hughes.
3:42 of 2nd period - Stopped by Anton Forsberg with a rebound.
3:44 of 2nd period - Shot by Chris Wideman.
3:44 of 2nd period - Shot Hit the Post.
3:46 of 2nd period - Shot by Ryan Graves.
3:46 of 2nd period - Shot Blocked by Brenden Dillon.
3:48 of 2nd period - Shot by Ryan Graves.
3:48 of 2nd period - Stopped by Anton Forsberg without a rebound.
3:49 of 2nd period - Noel Acciari wins face-off versus Oskar Lindblom in VEGAS Golden Knights zone.
4:20 of 2nd period - Shot by Noel Acciari.
4:20 of 2nd period - Shot Misses the Net.
4:46 of 2nd period - Shot by Jack Hughes.
4:46 of 2nd period - Shot Hit the Post.
4:48 of 2nd period - Shot by Kyle Okposo.
4:48 of 2nd period - Stopped by Anton Forsberg without a rebound.
4:49 of 2nd period - Jack Hughes wins face-off versus Devin Shore in VEGAS Golden Knights zone.
5:09 of 2nd period - Minor Penalty to Gabriel Landeskog for High sticking.
5:10 of 2nd period - Colton Sissons wins face-off versus Jack Hughes in NEW JERSEY Devils zone.
5:39 of 2nd period - Shot by Colton Sissons.
5:39 of 2nd period - Stopped by Jake Allen without a rebound.
5:40 of 2nd period - Sebastian Aho wins face-off versus Jack Hughes in NEW JERSEY Devils zone.
7:20 of 2nd period - Shot by Gabriel Landeskog.
7:20 of 2nd period - Stopped by Anton Forsberg without a rebound.
7:21 of 2nd period - J.T. Compher wins face-off versus Noel Acciari in VEGAS Golden Knights zone.
7:23 of 2nd period - Andreas Athanasiou is hit by Brenden Dillon and loses puck.
7:44 of 2nd period - Shot by Thomas Novak.
7:44 of 2nd period - Deflect By Andreas Athanasiou.
7:44 of 2nd period - Shot Blocked by Brenden Dillon.
7:46 of 2nd period - Shot by J.T. Compher.
7:46 of 2nd period - Shot Misses the Net.
7:48 of 2nd period - Shot by Thomas Novak.
7:48 of 2nd period - Stopped by Anton Forsberg without a rebound.
7:49 of 2nd period - Mikael Granlund wins face-off versus Ryan Donato in VEGAS Golden Knights zone.
7:58 of 2nd period - Shot by Mikael Granlund.
7:58 of 2nd period - Goal by Mikael Granlund - VEGAS Golden Knights : 1 - NEW JERSEY Devils : 2.
7:59 of 2nd period - Jack Hughes wins face-off versus Sebastian Aho in neutral zone.
8:02 of 2nd period - Noah Hanifin is hit by Kyle Okposo and loses puck.
8:35 of 2nd period - Shot by Sebastian Aho.
8:35 of 2nd period - Shot Misses the Net.
8:37 of 2nd period - Shot by Tomas Tatar.
8:37 of 2nd period - Deflect By Jared McCann.
8:37 of 2nd period - Goal by Jared McCann - VEGAS Golden Knights : 2 - NEW JERSEY Devils : 2.
8:38 of 2nd period - Ryan Donato wins face-off versus Mikael Granlund in neutral zone.
8:38 of 2nd period - Bowen Byram is hit by Andrei Svechnikov and loses puck.
9:38 of 2nd period - Icing by Colton Sissons.
9:39 of 2nd period - Colton Sissons wins face-off versus Jack Hughes in VEGAS Golden Knights zone.
9:39 of 2nd period - Colton Sissons is hit by James van Riemsdyk.
9:48 of 2nd period - Shot by Evgenii Dadonov.
9:48 of 2nd period - Stopped by Jake Allen with a rebound.
10:32 of 2nd period - Icing by Brenden Dillon.
10:33 of 2nd period - Thomas Novak wins face-off versus Colton Sissons in VEGAS Golden Knights zone.
10:38 of 2nd period - Shot by J.T. Compher.
10:38 of 2nd period - Shot Misses the Net.
10:59 of 2nd period - Icing by Jordan Oesterle.
11:00 of 2nd period - Colton Sissons wins face-off versus Joel Armia in VEGAS Golden Knights zone.
11:07 of 2nd period - Icing by Jordan Oesterle.
11:08 of 2nd period - Colton Sissons wins face-off versus Ryan Donato in VEGAS Golden Knights zone.
11:20 of 2nd period - Icing by Jordan Oesterle.
11:21 of 2nd period - Filip Chytil wins face-off versus Jack Hughes in VEGAS Golden Knights zone.
12:24 of 2nd period - Tony DeAngelo is hit by James van Riemsdyk and loses puck.
12:46 of 2nd period - Andreas Athanasiou is hit by Tony DeAngelo and loses puck.
12:58 of 2nd period - Shot by Alex Killorn.
12:58 of 2nd period - Shot Misses the Net.
13:00 of 2nd period - Shot by Noah Hanifin.
13:00 of 2nd period - Stopped by Jake Allen without a rebound.
13:01 of 2nd period - Ryan Donato wins face-off versus Noel Acciari in NEW JERSEY Devils zone.
14:16 of 2nd period - Shot by Tomas Tatar.
14:16 of 2nd period - Stopped by Jake Allen without a rebound.
14:17 of 2nd period - Mikael Granlund wins face-off versus J.T. Compher in NEW JERSEY Devils zone.
14:30 of 2nd period - Shot by Tony DeAngelo.
14:30 of 2nd period - Stopped by Jake Allen without a rebound.
14:31 of 2nd period - Colton Sissons wins face-off versus Jack Hughes in NEW JERSEY Devils zone.
14:50 of 2nd period - Noah Hanifin is hit by Kyle Okposo and loses puck.
15:13 of 2nd period - Shot by Jack Hughes.
15:13 of 2nd period - Shot Blocked by Tony DeAngelo.
15:15 of 2nd period - Shot by Jack Hughes.
15:15 of 2nd period - Shot Blocked by Colton Sissons.
15:45 of 2nd period - Adam Boqvist is hit by Sebastian Aho and loses puck.
15:49 of 2nd period - Icing by Adam Boqvist.
15:50 of 2nd period - J.T. Compher wins face-off versus Mikael Granlund in NEW JERSEY Devils zone.
16:02 of 2nd period - Icing by Brenden Dillon.
16:03 of 2nd period - Mikael Granlund wins face-off versus Oskar Lindblom in VEGAS Golden Knights zone.
16:11 of 2nd period - Brenden Dillon is hit by Alexander Petrovic and loses puck.
16:24 of 2nd period - Shot by Mikael Granlund.
16:24 of 2nd period - Shot Misses the Net.
16:30 of 2nd period - Shot by Andrei Svechnikov.
16:30 of 2nd period - Shot Misses the Net.
16:32 of 2nd period - Shot by Jordan Oesterle.
16:32 of 2nd period - Shot Misses the Net.
16:34 of 2nd period - Shot by Jordan Oesterle.
16:34 of 2nd period - Shot Misses the Net.
16:40 of 2nd period - Shot by Andrei Svechnikov.
16:40 of 2nd period - Stopped by Jake Allen without a rebound.
16:41 of 2nd period - Jack Hughes wins face-off versus Sebastian Aho in NEW JERSEY Devils zone.
16:41 of 2nd period - Jack Hughes is hit by Tomas Tatar.
17:10 of 2nd period - Shot by Adam Larsson.
17:10 of 2nd period - Stopped by Jake Allen without a rebound.
17:11 of 2nd period - Colton Sissons wins face-off versus J.T. Compher in NEW JERSEY Devils zone.
17:19 of 2nd period - Filip Chytil is hit by Ryan Graves.
17:33 of 2nd period - Thomas Novak is hit by Colton Sissons and loses puck.
17:40 of 2nd period - Shot by Evgenii Dadonov.
17:40 of 2nd period - Goal by Evgenii Dadonov - VEGAS Golden Knights : 3 - NEW JERSEY Devils : 2.
17:41 of 2nd period - Sebastian Aho wins face-off versus Jack Hughes in neutral zone.
17:46 of 2nd period - Shot by Sebastian Aho.
17:46 of 2nd period - Stopped by Jake Allen without a rebound.
17:47 of 2nd period - Jack Hughes wins face-off versus Sebastian Aho in NEW JERSEY Devils zone.
17:47 of 2nd period - Jack Hughes is hit by Tomas Tatar.
18:27 of 2nd period - Icing by Adam Boqvist.
18:28 of 2nd period - Mikael Granlund wins face-off versus Jack Hughes in NEW JERSEY Devils zone.
18:42 of 2nd period - Icing by Bowen Byram.
18:43 of 2nd period - Jack Hughes wins face-off versus Colton Sissons in NEW JERSEY Devils zone.
19:10 of 2nd period - Shot by Brenden Dillon.
19:10 of 2nd period - Stopped by Jake Allen without a rebound.
19:11 of 2nd period - J.T. Compher wins face-off versus Mikael Granlund in NEW JERSEY Devils zone.
19:11 of 2nd period - J.T. Compher is hit by Andrei Svechnikov.
19:31 of 2nd period - Shot by Andrei Svechnikov.
19:31 of 2nd period - Shot Blocked by Alexander Petrovic.
19:33 of 2nd period - Shot by Mikael Granlund.
19:33 of 2nd period - Shot Misses the Net.
19:54 of 2nd period - Shot by Alex Killorn.
19:54 of 2nd period - Shot Misses the Net.
Goals for this period are 3 for VEGAS Golden Knights vs 0 for NEW JERSEY Devils.
Shots for this period are 13 for VEGAS Golden Knights vs 5 for NEW JERSEY Devils.

3rd period


0:01 of 3rd period - Jack Hughes wins face-off versus Sebastian Aho in neutral zone.
0:20 of 3rd period - Shot by Sebastian Aho.
0:20 of 3rd period - Shot Blocked by Adam Boqvist.
0:22 of 3rd period - Shot by Jared McCann.
0:22 of 3rd period - Goal by Jared McCann - VEGAS Golden Knights : 4 - NEW JERSEY Devils : 2.
0:23 of 3rd period - Mikael Granlund wins face-off versus J.T. Compher in neutral zone.
0:34 of 3rd period - Adam Larsson is hit by J.T. Compher and loses puck.
0:44 of 3rd period - Alex Killorn is hit by Andreas Athanasiou and loses puck.
1:01 of 3rd period - Shot by Thomas Novak.
1:01 of 3rd period - Deflect By J.T. Compher.
1:01 of 3rd period - Stopped by Anton Forsberg without a rebound.
1:02 of 3rd period - Jack Hughes wins face-off versus Sebastian Aho in VEGAS Golden Knights zone.
1:05 of 3rd period - Shot by Kyle Okposo.
1:05 of 3rd period - Shot Misses the Net.
1:08 of 3rd period - Kyle Okposo is hit by Noah Hanifin and loses puck.
1:17 of 3rd period - Shot by Kyle Okposo.
1:17 of 3rd period - Stopped by Anton Forsberg with a rebound.
1:19 of 3rd period - Shot by Bowen Byram.
1:19 of 3rd period - Shot Misses the Net.
1:36 of 3rd period - Shot by Kyle Okposo.
1:36 of 3rd period - Stopped by Anton Forsberg with a rebound.
1:38 of 3rd period - Shot by Adam Boqvist.
1:38 of 3rd period - Shot Misses the Net.
1:40 of 3rd period - Shot by Jack Hughes.
1:40 of 3rd period - Shot Misses the Net.
1:44 of 3rd period - Shot by James van Riemsdyk.
1:44 of 3rd period - Shot Misses the Net.
1:46 of 3rd period - Shot by Kyle Okposo.
1:46 of 3rd period - Shot Blocked by Jared McCann.
2:16 of 3rd period - Olli Maatta is hit by Ryan Donato and loses puck.
2:24 of 3rd period - Oskar Lindblom is hit by Adam Larsson and loses puck.
3:14 of 3rd period - Icing by Chris Wideman.
3:15 of 3rd period - Noel Acciari wins face-off versus J.T. Compher in NEW JERSEY Devils zone.
3:21 of 3rd period - Devin Shore is hit by Chris Wideman and loses puck.
3:49 of 3rd period - Icing by Phil Di Giuseppe.
3:50 of 3rd period - Noel Acciari wins face-off versus Jack Hughes in VEGAS Golden Knights zone.
3:58 of 3rd period - Off-side.
3:59 of 3rd period - Sebastian Aho wins face-off versus Jack Hughes in neutral zone.
5:31 of 3rd period - Shot by Andrei Svechnikov.
5:31 of 3rd period - Deflect By Alex Killorn.
5:31 of 3rd period - Stopped by Jake Allen without a rebound.
5:32 of 3rd period - Colton Sissons wins face-off versus Ryan Donato in NEW JERSEY Devils zone.
6:02 of 3rd period - Shot by Evgenii Dadonov.
6:02 of 3rd period - Shot Misses the Net.
6:04 of 3rd period - Shot by Filip Chytil.
6:04 of 3rd period - Stopped by Jake Allen without a rebound.
6:05 of 3rd period - Sebastian Aho wins face-off versus Miles Wood in NEW JERSEY Devils zone.
8:37 of 3rd period - Shot by Filip Chytil.
8:37 of 3rd period - Shot Misses the Net.
8:57 of 3rd period - Evgenii Dadonov is hit by Oskar Lindblom and loses puck.
9:20 of 3rd period - Shot by Ryan Donato.
9:20 of 3rd period - Shot Misses the Net.
9:22 of 3rd period - Shot by Oskar Lindblom.
9:22 of 3rd period - Shot Misses the Net.
9:26 of 3rd period - Shot by Joel Armia.
9:26 of 3rd period - Stopped by Anton Forsberg without a rebound.
9:27 of 3rd period - Miles Wood wins face-off versus Sebastian Aho in VEGAS Golden Knights zone.
9:35 of 3rd period - Miles Wood is hit by Adam Larsson and loses puck.
9:39 of 3rd period - Minor Penalty to Gabriel Landeskog for Roughing.
9:39 of 3rd period - Minor Penalty to Sebastian Aho for Goalie Interference.
9:40 of 3rd period - Jared McCann wins face-off versus Jack Hughes in neutral zone.
11:43 of 3rd period - Icing by Jared McCann.
11:44 of 3rd period - Sebastian Aho wins face-off versus Ryan Donato in VEGAS Golden Knights zone.
11:44 of 3rd period - Sebastian Aho is hit by Joel Armia.
11:45 of 3rd period - Minor Penalty to Joel Armia for High sticking.
11:46 of 3rd period - Colton Sissons wins face-off versus Jack Hughes in NEW JERSEY Devils zone.
11:57 of 3rd period - Shot by Andrei Svechnikov.
11:57 of 3rd period - Shot Blocked by Jack Hughes.
12:09 of 3rd period - Shot by Jack Hughes.
12:09 of 3rd period - Stopped by Anton Forsberg with a rebound.
12:15 of 3rd period - Shot by Kyle Okposo.
12:15 of 3rd period - Shot Misses the Net.
12:25 of 3rd period - Shot by Filip Chytil.
12:25 of 3rd period - Shot Misses the Net.
12:40 of 3rd period - Icing by Sebastian Aho.
12:41 of 3rd period - Oskar Lindblom wins face-off versus Sebastian Aho in VEGAS Golden Knights zone.
13:09 of 3rd period - Shot by Alex Killorn.
13:09 of 3rd period - Stopped by Jake Allen without a rebound.
13:10 of 3rd period - Colton Sissons wins face-off versus Jack Hughes in NEW JERSEY Devils zone.
13:35 of 3rd period - Shot by Filip Chytil.
13:35 of 3rd period - Stopped by Jake Allen without a rebound.
13:36 of 3rd period - Jack Hughes wins face-off versus Sebastian Aho in NEW JERSEY Devils zone.
14:18 of 3rd period - Shot by Jake Bean.
14:18 of 3rd period - Shot Misses the Net.
14:20 of 3rd period - Shot by Gabriel Landeskog.
14:20 of 3rd period - Stopped by Anton Forsberg without a rebound.
14:21 of 3rd period - J.T. Compher wins face-off versus Tomas Tatar in VEGAS Golden Knights zone.
14:22 of 3rd period - Shot by Thomas Novak.
14:22 of 3rd period - Goal by Thomas Novak - VEGAS Golden Knights : 4 - NEW JERSEY Devils : 3.
14:23 of 3rd period - Sebastian Aho wins face-off versus J.T. Compher in neutral zone.
14:42 of 3rd period - Tomas Tatar is hit by Thomas Novak and loses puck.
15:21 of 3rd period - Tony DeAngelo is hit by Ryan Graves and loses puck.
15:45 of 3rd period - Jack Hughes is hit by Olli Maatta and loses puck.
15:52 of 3rd period - Shot by Kyle Okposo.
15:52 of 3rd period - Stopped by Anton Forsberg without a rebound.
15:53 of 3rd period - Colton Sissons wins face-off versus Ryan Donato in VEGAS Golden Knights zone.
15:53 of 3rd period - Filip Chytil is hit by Ryan Donato and loses puck.
16:26 of 3rd period - Ryan Donato is hit by Brenden Dillon and loses puck.
16:29 of 3rd period - Shot by Ryan Donato.
16:29 of 3rd period - Stopped by Anton Forsberg with a rebound.
16:42 of 3rd period - Icing by Ryan Donato.
16:43 of 3rd period - Ryan Donato wins face-off versus Andrei Svechnikov in NEW JERSEY Devils zone.
16:45 of 3rd period - Icing by Joel Armia.
16:46 of 3rd period - Ryan Donato wins face-off versus Mikael Granlund in NEW JERSEY Devils zone.
16:52 of 3rd period - Off-side.
16:53 of 3rd period - Mikael Granlund wins face-off versus Jack Hughes in neutral zone.
16:56 of 3rd period - Shot by Adam Larsson.
16:56 of 3rd period - Stopped by Jake Allen without a rebound.
16:57 of 3rd period - Jack Hughes wins face-off versus Sebastian Aho in NEW JERSEY Devils zone.
17:02 of 3rd period - Shot by Jack Hughes.
17:02 of 3rd period - Stopped by Anton Forsberg without a rebound.
17:03 of 3rd period - Mikael Granlund wins face-off versus Jack Hughes in VEGAS Golden Knights zone.
17:34 of 3rd period - Shot by Jack Hughes.
17:34 of 3rd period - Stopped by Anton Forsberg without a rebound.
17:35 of 3rd period - J.T. Compher wins face-off versus Sebastian Aho in VEGAS Golden Knights zone.
17:49 of 3rd period - J.T. Compher is hit by Noah Hanifin and loses puck.
18:10 of 3rd period - Shot by Tony DeAngelo.
18:10 of 3rd period - Shot Misses the Net.
19:23 of 3rd period - Shot by Adam Larsson.
19:23 of 3rd period - Shot Misses the Net.
19:25 of 3rd period - Shot by Adam Larsson.
19:25 of 3rd period - Shot Misses the Net.
19:27 of 3rd period - Shot by Filip Chytil.
19:27 of 3rd period - Shot Misses the Net.
19:29 of 3rd period - Shot by Evgenii Dadonov.
19:29 of 3rd period - Deflect By Filip Chytil.
19:29 of 3rd period - Shot Blocked by Adam Boqvist.
19:46 of 3rd period - Icing by Noah Hanifin.
19:47 of 3rd period - Mikael Granlund wins face-off versus Oskar Lindblom in VEGAS Golden Knights zone.
Goals for this period are 1 for VEGAS Golden Knights vs 1 for NEW JERSEY Devils.
Shots for this period are 6 for VEGAS Golden Knights vs 11 for NEW JERSEY Devils. Output by the SimonT Hockey Simulator (STHS) for Martin Benoit - Original Page W3C HTML5 Valid
Hockey Simulator - Hockey Simulation - Hockey Manager